 Dungeon Crawl Stone Soup version 0.31-a0-239-g0a1456f148 (webtiles) character file.

Game seed: 434987048674875519

606 qw the Shooter (level 7, 0/54 (59) HPs)
             Began as a Minotaur Hexslinger on July 11, 2023.
             Slain by a wight
             ... wielding a +0 spear
              (2 damage)
             ... on level 4 of the Dungeon.
             The game lasted 00:01:39 (3544 turns).

qw the Shooter (Minotaur Hexslinger)                Turns: 3544, Time: 00:01:39

HP:   0/54 (59)     AC:  8    Str: 10 (12) XL:     7   Next: 19%
MP:   7/7           EV: 12    Int:  7 (10) God:
Gold: 214           SH:  0    Dex: 14 (15) Spells: 7/8 levels left

rFire   . . .        Y - +1 sling
rCold   . . .        (no shield)
rNeg    . . .        c - +2 robe {Will+}
rPois   +            (helmet restricted)
rElec   .            (no cloak)
rCorr   .            (no gloves)
SInv    .            o - +1 pair of boots
Will    +....        (no amulet)
Stlth   +            (no ring)
HPRegen 0.29/turn    (no ring)
MPRegen 0.10/turn

%: no passive effects
@: drained
A: horns 2, retaliatory headbutt, iridescent scales 1, poison resistance
a: no special abilities


You were on level 4 of the Dungeon.
You visited 1 branch of the dungeon, and saw 4 of its levels.

You collected 214 gold pieces.


Innate Abilities, Weirdness & Mutations

You have a pair of horns on your head.
You reflexively headbutt those who attack you in melee.
You are partially covered in iridescent scales. (AC +2)
Your system is resistant to poisons. (rPois)


   Skills:
 - Level 4.2 Fighting
 + Level 7.7 Ranged Weapons
 - Level 1.4 Armour
 - Level 2.1 Dodging
 - Level 1.0 Spellcasting
 - Level 2.0 Hexes


You had 7 spell levels left.
You knew the following spells:

 Your Spells              Type           Power      Damage    Failure   Level
a - Slow                  Hex            12%        N/A       19%         1

Your spell library contained the following spells:

 Spells                   Type           Power      Damage    Failure   Level
 Inner Flame              Hex/Fire       1%         N/A       63%         3
 Portal Projectile        Hex/Tloc       2%         N/A       63%         3
 Cause Fear               Hex            1%         N/A       88%         4

Inventory:

Hand Weapons
 Y - a +1 sling (weapon)
Armour
 c - a +2 robe of willpower (worn)
 o - a +1 pair of boots (worn)
Jewellery
 i - a ring of protection from fire
Scrolls
 b - a scroll of identify
 g - a scroll of revelation {unknown}
Potions
 a - a potion of heal wounds {unknown}
 d - a potion of mutation
 e - a potion of curing {unknown}
 f - a potion of brilliance {unknown}
 h - 2 potions of haste

Dungeon Overview and Level Annotations

Branches:
Dungeon (4/15)
 Temple: D:4-7

Altars:
Cheibriados
Fedhas
Hepliaklqana
Sif Muna

Annotations:
D:4 Eustachio


Message History

You headbutt the ufetubus!
You kill the ufetubus!
The ufetubus disappears in a puff of smoke!
You shoot a sling bullet. The sling bullet hits the wight.
The wight is moderately damaged.
The wight hits you but does no damage.
You shoot a sling bullet. The sling bullet hits the wight.
The wight is severely damaged.
The wight misses you.
You shoot a sling bullet. The sling bullet hits the wight.
The wight is lightly damaged.
The wight misses you.
The wight hits you with a +2 flail of freezing.
The wight freezes you.
The crimson imp blinks!
The wight hits you but does no damage.
The wight hits you with a +2 flail of freezing!
You feel drained. The wight freezes you.
Eustachio casts a spell.
You shoot a sling bullet. The sling bullet hits the wight.
The wight is moderately damaged.
The wight hits you from afar with a +0 spear.
The wight completely misses you.
You shoot a sling bullet. The sling bullet hits the wight.
The wight is heavily damaged.
The wight misses you.
The wight hits you with a +2 flail of freezing!
The wight freezes you.
You shoot a sling bullet. The sling bullet hits the wight.
The wight is severely damaged.
The wight barely misses you. x2; You furiously retaliate!
You headbutt the wight. You shoot a sling bullet.
The sling bullet hits the wight.
You destroy the wight!
The wight hits you from afar with a +0 spear.
You feel your dexterity returning.
You shoot a sling bullet.
The sling bullet hits the wight but does no damage.
The wight is heavily damaged.
The wight hits you from afar with a +0 spear!
You feel drained.
You die...

...
#................##....
..
........##...##...###...
..................#...##
.........#..#........#.#
.................#.....#
.................##...##
......#5.......####..##
#...@##).#......# ####
#...zz.@.##.)..##
.....##.###...## ....
### ##### .#.


You could see Eustachio, 2 wights and an ufetubus (summoned).

Vanquished Creatures
  Sigmund (D:3)
  A wight (D:4)
  An orc priest (D:3)
  2 hounds
  Ijyb (D:4)
  2 orc wizards (D:3)
  Terence (D:2)
  Robin (D:3)
  4 gnolls (D:3)
  6 adders
  2 worms
  2 dart slugs
  8 orcs (D:3)
  8 ball pythons
  9 endoplasms
  5 giant cockroaches
  9 hobgoblins
  3 quokkas
  3 bats
  3 frilled lizards
  13 goblins
  2 kobolds
  5 rats
92 creatures vanquished.

Notes
Turn   | Place    | Note
-------+----------+-------------------------------------------
     0 | D:1      | qw the Minotaur Hexslinger began the quest for the Orb.
     0 | D:1      | Reached XP level 1. HP: 16/16 MP: 1/1
     0 | D:1      | 0 ||| qw: Version: 0.3-a-52-g30416fa
     0 | D:1      | 0 ||| qw: Game counter: 5957
     0 | D:1      | 0 ||| qw: Melee chars always use a shield: true
     0 | D:1      | 0 ||| qw: God list: Okawaru
     0 | D:1      | 0 ||| qw: Allow faded altars: false
     0 | D:1      | 0 ||| qw: Do Orc after clearing Dungeon:15 true
     0 | D:1      | 0 ||| qw: Do second Lair branch before Depths: true
     0 | D:1      | 0 ||| qw: Lair rune preference: random
     0 | D:1      | 0 ||| qw: Goals: Normal
     0 | D:1      | 0 ||| PLANNING D:1-11
   300 | D:1      | Reached skill level 3 in Ranged Weapons
   313 | D:1      | Reached XP level 2. HP: 23/23 MP: 2/2
   610 | D:1      | Found a faded altar of an unknown god.
   725 | D:1      | 725 ||| UPGRADING to +0 pair of boots.
   730 | D:1      | 730 ||| READING scroll labelled ZUIFOY BYNI.
   731 | D:1      | 731 ||| DRINKING 3 red potions.
   731 | D:1      | Gained mutation: You occasionally lose the ability to drink
                  | potions when taking damage. [potion of mutation]
   731 | D:1      | Gained mutation: You are robust. (+10% HP) [potion of
                  | mutation]
   738 | D:1      | 738 ||| DRINKING 2 potions of mutation.
   738 | D:1      | Lost mutation: You are robust. (+10% HP) [potion of
                  | mutation]
   738 | D:1      | Lost mutation: You occasionally lose the ability to drink
                  | potions when taking damage. [potion of mutation]
   738 | D:1      | Gained mutation: You are partially covered in iridescent
                  | scales. (AC +2) [potion of mutation]
   738 | D:1      | Gained mutation: Your system is resistant to poisons.
                  | (rPois) [potion of mutation]
   739 | D:1      | 739 ||| DROPPING scroll of poison.
   814 | D:2      | Reached XP level 3. HP: 24/29 MP: 3/3
  1360 | D:2      | Reached skill level 4 in Ranged Weapons
  1618 | D:2      | Noticed Terence
  1630 | D:2      | HP: 7/29 [Terence/+0 falchion (5)]
  1631 | D:2      | Killed Terence
  1632 | D:2      | Reached XP level 4. HP: 9/36 MP: 4/4
  1889 | D:2      | 1889 ||| UPGRADING to +0 leather armour.
  1899 | D:2      | 1899 ||| DROPPING +0 robe.
  1900 | D:2      | 1900 ||| UPGRADING to +1 pair of boots.
  1910 | D:2      | 1910 ||| DROPPING +0 pair of boots.
  1911 | D:2      | 1911 ||| READING scroll labelled DAUFUQUARR.
  1912 | D:2      | 1912 ||| READING scroll labelled MAXAZA VYASHI.
  1913 | D:2      | 1913 ||| READING scroll labelled PEMAHI TACKUN.
  1917 | D:2      | 1917 ||| READING scroll labelled QUNGOU YTHRO MITZ.
  1918 | D:2      | 1918 ||| READING scroll labelled YDYNNE OSKEF RIME.
  1919 | D:2      | 1919 ||| DRINKING 2 fuming cyan potions.
  1920 | D:2      | 1920 ||| DRINKING 2 viscous silvery potions.
  1931 | D:2      | 1931 ||| READING 2 scrolls of identify.
  1931 | D:2      | 1931 ||| IDENTIFYING lumpy dark potion
  1932 | D:2      | 1932 ||| DROPPING potion of invisibility.
  1933 | D:2      | 1933 ||| DROPPING potion of ambrosia.
  1978 | D:3      | Reached skill level 5 in Ranged Weapons
  2036 | D:3      | 2036 ||| FLEEEEING.
  2037 | D:3      | 2037 ||| FLEEEEING.
  2039 | D:3      | 2039 ||| FLEEEEING.
  2040 | D:3      | 2040 ||| FLEEEEING.
  2041 | D:3      | 2041 ||| FLEEEEING.
  2042 | D:3      | 2042 ||| FLEEEEING.
  2043 | D:3      | 2043 ||| FLEEEEING.
  2044 | D:3      | 2044 ||| FLEEEEING.
  2045 | D:3      | 2045 ||| FLEEEEING.
  2046 | D:3      | 2046 ||| FLEEEEING.
  2047 | D:3      | 2047 ||| FLEEEEING.
  2048 | D:3      | 2048 ||| FLEEEEING.
  2049 | D:3      | 2049 ||| FLEEEEING.
  2050 | D:3      | 2050 ||| FLEEEEING.
  2051 | D:3      | 2051 ||| FLEEEEING.
  2055 | D:3      | 2055 ||| STAIRDANCE
  2080 | D:3      | Reached skill level 3 in Fighting
  2082 | D:3      | Reached XP level 5. HP: 44/45 MP: 5/5
  2105 | D:3      | Found a hazy altar of Hepliaklqana.
  2330 | D:3      | Noticed Sigmund
  2366 | D:3      | 2366 ||| FLEEEEING.
  2367 | D:3      | 2367 ||| FLEEEEING.
  2368 | D:3      | 2368 ||| FLEEEEING.
  2375 | D:3      | HP: 3/45 [Sigmund/+1 scythe of protection (9)]
  2380 | D:3      | HP: 1/45 [something (4)]
  2381 | D:3      | Killed Sigmund
  2382 | D:3      | Reached skill level 6 in Ranged Weapons
  2382 | D:3      | Reached XP level 6. HP: 2/51 MP: 6/6
  2645 | D:3      | Reached skill level 1 in Armour
  2647 | D:3      | 2647 ||| FLEEEEING.
  2648 | D:3      | 2648 ||| FLEEEEING.
  2649 | D:3      | 2649 ||| FLEEEEING.
  2650 | D:3      | 2650 ||| FLEEEEING.
  2651 | D:3      | 2651 ||| FLEEEEING.
  2652 | D:3      | 2652 ||| FLEEEEING.
  2653 | D:3      | 2653 ||| FLEEEEING.
  2654 | D:3      | 2654 ||| FLEEEEING.
  2655 | D:3      | 2655 ||| FLEEEEING.
  2656 | D:3      | 2656 ||| FLEEEEING.
  2657 | D:3      | 2657 ||| FLEEEEING.
  2658 | D:3      | 2658 ||| FLEEEEING.
  2660 | D:3      | 2660 ||| FLEEEEING.
  2661 | D:3      | 2661 ||| FLEEEEING.
  2662 | D:3      | 2662 ||| FLEEEEING.
  2663 | D:3      | 2663 ||| FLEEEEING.
  2664 | D:3      | 2664 ||| FLEEEEING.
  2665 | D:3      | 2665 ||| FLEEEEING.
  2666 | D:3      | 2666 ||| FLEEEEING.
  2745 | D:3      | Noticed Robin
  2751 | D:3      | 2751 ||| Stepping ~*~*~tactically~*~*~ (outnumbered).
  2758 | D:3      | Killed Robin
  2867 | D:3      | Found a shimmering blue altar of Sif Muna.
  2871 | D:3      | Found a snail-covered altar of Cheibriados.
  2876 | D:3      | Found a blossoming altar of Fedhas.
  3044 | D:3      | 3044 ||| UPGRADING to +2 robe of willpower.
  3054 | D:3      | 3054 ||| DROPPING +0 leather armour.
  3055 | D:3      | 3055 ||| DRINKING 2 glowing orange potions.
  3056 | D:3      | 3056 ||| DROPPING potion of degeneration.
  3116 | D:4      | Reached skill level 7 in Ranged Weapons
  3132 | D:4      | Noticed Ijyb
  3147 | D:4      | HP: 13/52 [Ijyb/+0 dagger (2)]
  3148 | D:4      | Killed Ijyb
  3281 | D:4      | Reached XP level 7. HP: 57/59 MP: 7/7
  3522 | D:4      | Noticed Eustachio
  3541 | D:4      | HP: 11/54 [wight/+2 flail of freezing (3)]
  3544 | D:4      | HP: 2/56 [wight/+0 spear (7)]
  3544 | D:4      | Slain by a wight

Levels and vault maps discovered:
D:1:      eino_arrival_tree_alley, layout_basic, basic_ecumenical_altar,
          minmay_tetromino_t2
D:2:      layout_basic, nicolae_hexahallways, uniq_terence
D:3:      layout_basic, overflow_temple_1_default,
          grunt_temple_overflow_diamond, skrybe_limestone_x,
          hangedman_abyss_or_decor_lesser_grid, uniq_robin, uniq_sigmund
D:4:      layout_cave_pools, uniq_ijyb, uniq_eustachio, uniq_crazy_yiuf_cottage

Skill      XL: |  1  2  3  4  5  6 |
---------------+-------------------+-----
Ranged Weapons | 3 4 5 6 7 |  7.7
Fighting       | 2 3 4 |  4.2
Armour         | 1 |  1.4
Dodging        | |  2.1
Spellcasting   | |  1.0
Hexes          | |  2.0

Action                     |  1- 3 |  4- 6 |  7- 9 || total
---------------------------+-------+-------+-------++-------
   Fire: Sling             |   123 |   216 |    44 ||   383
    Use: Potion            |     2 |     3 |       ||     5
         Scroll            |     1 |     6 |       ||     7
 Armour: Robe              |    14 |     6 |    10 ||    30
         Leather armour    |       |    21 |       ||    21
  Dodge: Dodged            |    34 |    72 |    30 ||   136

Table legend:
 A = Non-vault XP
 B = Vault XP
 C = Vault XP percentage of total XP
 D = Non-vault monster count
 E = Vault monster count
 F = Vault count percentage of total count
                 A         B        C        D         E       F
            +---------+---------+-------+---------+---------+-------
      Total |     522 |     345 |  39.8 |      75 |      17 |  18.5
            +---------+---------+-------+---------+---------+-------
        D:1 |      28 |       3 |   9.7 |      17 |       2 |  10.5
        D:2 |      49 |      32 |  39.5 |      13 |       1 |   7.1
        D:3 |     268 |     274 |  50.6 |      25 |      13 |  34.2
        D:4 |     177 |      36 |  16.9 |      20 |       1 |   4.8
            +---------+---------+-------+---------+---------+-------
